Map: Ice and Chrome LE

Players

SKillous

  • Race: Protoss Protoss
  • League: Grandmaster
  • Spawn Location: 7:00

HeroMarine - Winner!

  • Race: Terran Terran
  • League: Master
  • Spawn Location: 1:00

Event: DreamHack SC2 Masters 2020 Fall

VOD

Have the link to the VOD?

Description

Time

  • Played on: Sept. 10, 2020, 2:52 p.m.
  • Length: 19:34

All games in this series

Show
View Real Time Build Order
Export as new Build Order

SKillous Protoss 

Build Orders: 1 Gate Expand, Zealot Archon 

Get SALT Encoding   

  12  0:00  Probe  
  13  0:12  Probe  
  14  0:17  Pylon  
  14  0:24  Probe (Chrono Boost)  
  15  0:36  Probe (Chrono Boost), Gateway  
  16  0:43  Assimilator  
  16  0:46  Probe (Chrono Boost)  
  17  0:53  Probe  
  18  1:05  Probe  
  19  1:17  Probe  
  20  1:24  Cybernetics Core  
  20  1:33  Nexus  
  20  1:35  Probe  
  21  1:42  Pylon  
  21  1:49  Probe, Assimilator  
  22  1:57  Adept (Chrono Boost)  
  24  2:01  Probe  
  24  2:02  Warp Gate  
  25  2:13  Probe (Chrono Boost)  
  26  2:20  Stalker  
  28  2:25  Probe (Chrono Boost)  
  28  2:29  Probe (Chrono Boost)  
  29  2:34  Robotics Facility  
  30  2:43  Probe (Chrono Boost)  
  31  2:45  Probe (Chrono Boost)  
  34  2:51  Sentry  
  34  2:54  Probe (Chrono Boost)  
  34  2:56  Probe (Chrono Boost)  
  36  2:59  Probe (Chrono Boost)  
  36  3:01  Gateway  
  36  3:04  Probe (Chrono Boost)  
  39  3:16  Probe x2 (Chrono Boost)  
  38  3:23  Observer  
  38  3:25  Nexus  
  38  3:26  Probe x2 (Chrono Boost)  
  41  3:33  Pylon  
  41  3:34  Probe  
  41  3:36  Probe  
  43  3:42  Assimilator  
  43  3:44  Observer  
  43  3:46  Probe  
  45  3:51  Twilight Council  
  44  3:56  Stalker  
  44  3:58  Probe (Chrono Boost)  
  44  3:59  Probe (Chrono Boost)  
  45  4:07  Observer  
  45  4:08  Probe (Chrono Boost)  
  48  4:10  Probe (Chrono Boost)  
  48  4:13  Probe (Chrono Boost), Pylon  
  49  4:19  Probe  
  49  4:21  Pylon  
  50  4:24  Charge (Chrono Boost)  
  50  4:25  Probe, Pylon  
  50  4:28  Observer  
  52  4:31  Probe  
  52  4:36  Gateway x2  
  52  4:37  Probe  
  54  4:41  Probe, Shield Battery  
  54  4:45  Probe  
  56  4:50  Stalker  
  56  4:51  Assimilator  
  58  4:53  Probe (Chrono Boost)  
  58  4:54  Stalker  
  58  4:59  Probe x2 (Chrono Boost)  
  60  5:09  Probe x2 (Chrono Boost)  
  60  5:10  Shield Battery  
  60  5:11  Observer  
  60  5:12  Probe (Chrono Boost)  
  63  5:14  Probe (Chrono Boost)  
  63  5:16  Probe (Chrono Boost)  
  63  5:20  Probe (Chrono Boost)  
  66  5:22  Gateway  
  66  5:26  Gateway  
  66  5:27  Probe x2 (Chrono Boost)  
  69  5:37  Probe (Chrono Boost), Sentry x2, Zealot  
  69  5:38  Probe (Chrono Boost), Zealot  
  69  5:40  Probe (Chrono Boost)  
  79  5:44  Probe x2 (Chrono Boost)  
  79  5:46  Gateway x2  
  79  5:48  Probe  
  82  5:52  Warp Prism (Chrono Boost)  
  82  5:54  Probe  
  82  5:56  Probe  
  86  6:00  Probe  
  86  6:03  Pylon  
  86  6:05  Forge  
  86  6:06  Pylon  
  86  6:09  Zealot x2  
  90  6:13  Probe, Templar Archives  
  90  6:16  Stalker  
  89  6:19  Stalker  
  89  6:25  Probe x2  
  90  6:26  Probe  
  91  6:37  Probe, Zealot x4, Protoss Ground Weapons Level 1 (Chrono Boost)  
  100  6:40  Pylon  
  100  6:41  Pylon  
  100  6:42  Probe  
  100  6:46  Probe  
  100  6:49  Probe  
  101  6:54  Probe  
  101  6:57  Assimilator  
  101  6:58  Probe  
  101  7:00  High Templar x3  
  101  7:01  Zealot, High Templar  
  111  7:02  Assimilator, Observer  
  111  7:04  Pylon  
  111  7:06  Archon x2, Zealot x3  
  119  7:14  Robotics Bay  
  119  7:16  Robotics Facility  
  119  7:25  Zealot  
  119  7:28  Zealot x3  
  127  7:32  Photon Cannon  
  127  7:37  Zealot x3  
  127  7:42  Pylon x2  
  109  8:00  Colossus (Chrono Boost)  
  109  8:03  Colossus (Chrono Boost)  
  85  8:07  Extended Thermal Lance  
  85  8:09  Sentry  
  85  8:10  Sentry, Zealot x6  
  111  8:16  Shield Battery  
  111  8:21  Photon Cannon  
  111  8:24  Protoss Ground Weapons Level 2 (Chrono Boost)  
  110  8:31  Stalker, Sentry x2  
  110  8:32  Zealot x3  
  122  8:36  Nexus  
  122  8:40  Pylon  
  122  8:42  Colossus  
  116  8:57  Blink  
  116  8:59  Zealot x6  
  116  9:00  Zealot x2  
  116  9:15  Probe x2  
  116  9:17  Nexus  
  116  9:19  Pylon  
  116  9:21  High Templar x2  
  116  9:22  Zealot  
  122  9:24  Zealot  
  122  9:25  Archon  
  122  9:26  Zealot  
  122  9:29  Zealot  
  128  9:35  Zealot x2  
  128  9:37  Probe  
  129  9:45  Zealot x2  
  126  9:46  Probe  
  127  9:55  Zealot x2  
  127  9:56  Zealot x4  
  127  9:58  Observer (Chrono Boost)  
  132  10:01  Probe  
  133  10:08  Zealot x2  
  133  10:13  Observer  
  117  10:18  Nexus  
  117  10:19  Warp Prism (Chrono Boost)  
  117  10:20  Pylon  
  119  10:21  High Templar  
  119  10:22  High Templar x3  
  119  10:23  Sentry x2  
  119  10:27  Archon  
  121  10:28  Archon  
  121  10:30  Photon Cannon  
  121  10:32  Colossus (Chrono Boost)  
  121  10:38  Forge  
  121  10:41  Shield Battery, Photon Cannon  
  127  10:43  Zealot  
  127  10:48  Probe x2  
  131  10:50  Probe  
  131  10:52  Zealot x3  
  131  10:56  Zealot  
  138  10:57  Zealot  
  146  11:11  Protoss Ground Armor Level 1 (Chrono Boost)  
  146  11:16  Observer  
  146  11:17  Observer  
  146  11:18  High Templar x2  
  148  11:19  Protoss Ground Weapons Level 3 (Chrono Boost)  
  148  11:22  Archon  
  150  11:26  Disruptor (Chrono Boost)  
  150  11:28  Zealot x3  
  150  11:32  Disruptor (Chrono Boost)  
  156  11:40  Stalker x3  
  162  11:50  Stalker x3  
  162  11:51  Stalker x2  
  172  11:55  Pylon  
  172  11:59  Pylon  
  172  12:11  Disruptor  
  172  12:16  Stalker x4  
  172  12:17  Stalker  
  180  12:22  Nexus  
  180  12:26  Warp Prism, Pylon  
  180  12:29  Stalker x2  
  152  12:42  Zealot x6  
  142  12:47  Colossus  
  142  12:56  Zealot x2  
  142  12:58  Photon Cannon  
  146  13:00  Shield Battery  
  146  13:04  Zealot x4  
  152  13:07  Protoss Ground Armor Level 2 (Chrono Boost)  
  152  13:11  Stalker x2  
  154  13:26  Colossus (Chrono Boost)  
  160  13:30  Zealot x3  
  160  13:31  Zealot x2  
  168  13:39  Dark Shrine  
  168  13:50  Colossus (Chrono Boost)  
  168  13:51  Zealot x5  
  168  13:52  Protoss Shields Level 1 (Chrono Boost)  
  168  14:04  Probe x2  
  164  14:13  Zealot x4  
  164  14:14  Colossus (Chrono Boost)  
  164  14:16  Pylon  
  174  14:25  Zealot x2  
  158  14:39  Zealot x6  
  158  14:44  Colossus (Chrono Boost)  
  156  14:47  Shadow Stride (Chrono Boost)  
  156  14:50  Assimilator  
  156  14:51  Zealot x2  
  160  14:54  Assimilator  
  160  15:00  Stalker  
  160  15:01  Zealot x4  
  160  15:03  Observer (Chrono Boost)  
  169  15:10  Zealot  
  169  15:11  Zealot  
  171  15:27  Observer  
  172  15:31  Observer  
  172  15:33  Stalker x7  
  186  15:41  Zealot  
  173  15:52  Protoss Shields Level 2 (Chrono Boost)  
  173  15:57  Dark Templar  
  173  15:58  Dark Templar x3  
  173  15:59  Dark Templar x3  
  173  16:02  Archon x3  
  173  16:03  Zealot  
  173  16:24  Zealot  
  175  16:32  Zealot x7  
  187  16:39  Nexus  
  159  16:47  Colossus  
  159  16:54  Stalker x3  
  158  16:56  Pylon  
  158  16:57  Zealot x5  
  167  17:04  Gateway  
  167  17:07  Gateway x2  
  167  17:09  Gateway, Observer  
  162  17:17  Sentry x4  
  162  17:19  Stalker x3  
  168  17:22  Photon Cannon  
  168  17:24  Shield Battery  
  121  17:39  Stalker  
  121  17:40  Stalker x4  
  121  17:42  Stalker x3  
  124  17:54  Colossus  
  130  17:59  Stalker  
  130  18:03  Zealot x5  
  141  18:06  Sentry x4  
  149  18:14  Observer  
  149  18:26  Zealot x5  
  158  18:28  Dark Templar x3  
  161  18:34  Nexus  
  153  18:44  Stalker x2  
  117  19:01  Stalker x2  
  92  19:19  Sentry  
  92  19:24  Zealot  
Show
View Real Time Build Order
Export as new Build Order

HeroMarine Terran - Winner!

Build Orders: Banshee Rush 

Get SALT Encoding   

  12  0:00  SCV  
  13  0:12  SCV  
  14  0:17  Supply Depot  
  14  0:24  SCV  
  15  0:38  SCV  
  15  0:40  Barracks  
  15  0:42  Refinery  
  16  0:50  SCV  
  17  1:02  SCV  
  18  1:14  SCV  
  19  1:27  Orbital Command, Marine  
  20  1:41  Command Center  
  20  1:52  Factory  
  20  1:55  SCV  
  21  2:01  Barracks Reactor  
  21  2:07  SCV  
  22  2:11  Supply Depot  
  22  2:16  Refinery  
  22  2:19  SCV  
  23  2:33  SCV  
  24  2:39  Starport  
  24  2:42  Hellion x2  
  28  2:45  SCV  
  28  2:46  Barracks Tech Lab  
  29  2:56  Orbital Command  
  29  2:58  SCV  
  30  3:11  SCV  
  31  3:13  Marine x2  
  31  3:16  Widow Mine  
  35  3:23  SCV  
  35  3:24  Cloaking Field  
  35  3:26  Banshee  
  39  3:28  SCV  
  40  3:35  SCV, Supply Depot  
  40  3:36  Marine  
  40  3:38  Marine  
  40  3:40  Factory Tech Lab  
  43  3:44  SCV  
  43  3:47  SCV  
  45  3:54  Marine  
  46  3:57  SCV, Supply Depot, Marine  
  46  4:03  SCV  
  46  4:07  Siege Tank  
  46  4:09  SCV  
  49  4:12  Banshee, Marine  
  54  4:18  SCV  
  54  4:19  Supply Depot  
  54  4:21  SCV, Supply Depot  
  56  4:30  SCV  
  56  4:33  SCV  
  56  4:35  Command Center  
  57  4:41  Siege Tank  
  57  4:44  SCV  
  62  4:45  SCV  
  62  4:53  Barracks  
  62  4:56  Barracks  
  62  4:57  SCV  
  62  4:59  SCV, Marine x2  
  66  5:07  Refinery  
  63  5:08  Refinery  
  63  5:09  SCV  
  63  5:11  SCV, Raven  
  67  5:15  Supply Depot  
  67  5:17  Marine x2  
  70  5:21  SCV  
  70  5:23  SCV  
  70  5:25  Engineering Bay  
  70  5:26  Engineering Bay  
  71  5:33  SCV  
  71  5:35  SCV, Marine x2  
  75  5:44  Barracks  
  75  5:46  Barracks  
  75  5:47  SCV x2, Orbital Command  
  75  5:48  Stimpack  
  77  5:51  Terran Infantry Weapons Level 1  
  77  5:53  Terran Infantry Armor Level 1  
  77  6:00  Marine x2  
  77  6:01  Marine  
  77  6:03  Marine  
  81  6:04  Starport Reactor  
  81  6:05  Factory Reactor  
  81  6:06  SCV x2  
  81  6:08  Combat Shield  
  81  6:10  Supply Depot  
  83  6:19  SCV x2  
  83  6:22  Marauder x2, Marine x2  
  83  6:25  Orbital Command  
  88  6:31  SCV x2, Missile Turret  
  90  6:33  Barracks Reactor, Barracks Tech Lab  
  90  6:35  Supply Depot x2  
  90  6:43  SCV x2  
  90  6:44  Marauder x2  
  90  6:45  Marine x2  
  90  6:46  Orbital Command  
  96  6:48  Supply Depot, Bunker  
  96  6:55  Marauder  
  96  6:56  Supply Depot  
  96  6:57  Medivac  
  96  6:58  Medivac  
  102  7:02  Marine  
  102  7:03  Supply Depot, Marine  
  102  7:04  Supply Depot  
  102  7:05  Marauder  
  102  7:07  Concussive Shells, Orbital Command  
  108  7:08  Widow Mine  
  108  7:09  SCV, Widow Mine  
  108  7:10  SCV  
  108  7:14  Marauder  
  114  7:15  Marine  
  114  7:16  Marine  
  114  7:21  SCV  
  114  7:22  Armory, SCV, Marine  
  119  7:27  Marauder  
  121  7:37  Refinery  
  124  7:38  Refinery  
  124  7:39  Medivac x2  
  128  7:45  Marauder  
  128  7:46  Bunker, Marauder, Marine  
  128  7:47  Marine x3  
  131  7:52  SCV  
  131  7:54  SCV x2  
  131  7:56  Marauder  
  120  8:04  SCV, Marine x2  
  111  8:06  SCV, Marine x2  
  111  8:07  Marauder x2, Widow Mine  
  111  8:08  Widow Mine  
  111  8:09  Medivac  
  111  8:10  Medivac  
  126  8:19  Marauder  
  128  8:22  Marine x2, Terran Infantry Weapons Level 2  
  128  8:24  Marine x2  
  132  8:28  Marauder x2  
  132  8:30  Supply Depot, Widow Mine  
  132  8:32  Widow Mine  
  132  8:33  Supply Depot  
  140  8:40  Marauder  
  141  8:43  Marine x3  
  141  8:44  Marine  
  146  8:48  SCV x2  
  146  8:49  SCV  
  146  8:50  Marauder  
  146  8:51  Widow Mine  
  146  8:53  Widow Mine  
  150  8:57  Marauder  
  150  9:01  Medivac x2  
  151  9:13  Widow Mine  
  151  9:14  Widow Mine  
  151  9:16  Marauder x2, Marine x3  
  159  9:20  Terran Infantry Armor Level 2, Command Center  
  159  9:22  Terran Ship Weapons Level 1  
  159  9:23  Marine  
  160  9:25  Marine  
  161  9:36  Viking x2  
  161  9:37  Marauder  
  157  9:40  Starport  
  157  9:42  Marine  
  157  9:44  Marauder  
  160  9:49  Marauder  
  154  9:54  Marine x2  
  154  9:56  Reaper  
  154  9:59  Marauder  
  159  10:00  Marine  
  159  10:04  SCV x2  
  159  10:05  SCV  
  159  10:06  Medivac x2, Marauder  
  164  10:09  Marine  
  164  10:13  Marine x2  
  148  10:20  Marauder  
  145  10:29  Marauder x2, Ghost Academy  
  145  10:30  Barracks  
  145  10:31  Viking, Barracks  
  145  10:32  Barracks  
  145  10:34  Viking  
  149  10:36  Viking x2  
  153  10:44  SCV  
  153  10:45  SCV x2  
  156  10:50  Marauder  
  156  10:51  Marauder x2  
  156  10:57  SCV x3  
  163  11:01  Refinery  
  163  11:03  Enhanced Shockwaves, Terran Infantry Weapons Level 3, Refinery  
  165  11:09  Planetary Fortress  
  163  11:15  Ghost x3  
  169  11:22  Viking  
  171  11:29  Viking x2, Missile Turret  
  175  11:37  Barracks Reactor, Barracks Tech Lab  
  175  11:38  Barracks Tech Lab  
  175  11:42  Supply Depot  
  175  11:43  Supply Depot  
  175  11:44  Marauder x2  
  175  11:46  Missile Turret  
  179  11:48  Marauder  
  179  11:49  Missile Turret  
  179  11:51  Command Center  
  181  11:55  Medivac x2  
  181  11:57  Terran Ship Weapons Level 2  
  181  11:59  Marauder  
  187  12:04  Marauder  
  187  12:06  Marauder  
  179  12:23  Terran Infantry Armor Level 3  
  179  12:29  Command Center  
  179  12:30  Command Center  
  179  12:34  Marauder  
  177  12:40  Marauder, Marine x2  
  163  12:47  Marauder x2, Marine x2  
  163  12:48  Marauder  
  165  12:55  Marauder  
  165  12:57  Marine x2  
  165  12:59  Liberator x3  
  165  13:00  Ghost, Fusion Core  
  165  13:01  Marine x2  
  165  13:02  Liberator  
  165  13:04  Marine  
  182  13:07  Ghost  
  182  13:11  SCV x4  
  188  13:25  Marauder x2  
  188  13:26  Marauder  
  183  13:29  Marine x3  
  183  13:31  SCV x2  
  183  13:32  SCV  
  188  13:35  Missile Turret  
  188  13:36  Marauder, Marine  
  188  13:37  Marauder  
  193  13:41  Marine  
  193  13:42  Marine, Liberator  
  193  13:47  Marauder  
  198  13:52  Advanced Ballistics  
  198  13:54  Liberator x2  
  199  13:56  Marauder  
  199  13:58  Planetary Fortress  
  195  14:15  Command Center  
  195  14:17  Sensor Tower  
  195  14:20  Viking  
  197  14:25  Viking  
  199  14:36  Marauder  
  182  14:39  Marauder, Marine x2  
  182  14:41  Viking  
  182  14:42  Viking, Ghost x2  
  182  14:44  Marauder  
  184  14:50  Viking, Marine x2  
  184  14:51  Marine x2  
  190  14:58  Marauder  
  192  15:00  Terran Ship Weapons Level 3, Marauder  
  192  15:05  Marauder  
  192  15:06  Refinery  
  199  15:08  Refinery  
  199  15:09  Personal Cloaking  
  199  15:11  Rapid Reignition System  
  192  15:30  Starport  
  192  15:32  Command Center  
  192  15:34  Orbital Command x2  
  180  15:46  Marauder x2  
  180  15:47  Liberator  
  180  15:48  Liberator x3  
  181  15:52  Marauder  
  181  15:53  Marine x2  
  182  15:57  Marine x2  
  183  16:08  Marauder x2  
  182  16:12  Marauder  
  170  16:18  Marauder  
  171  16:29  Liberator  
  171  16:30  Liberator x2  
  171  16:31  Liberator x2  
  186  16:39  Orbital Command  
  184  16:45  Marauder  
  156  16:53  SCV x2  
  153  16:54  SCV x3  
  156  17:09  Marauder x5  
  156  17:12  Barracks Reactor  
  156  17:13  Viking x2  
  156  17:14  Viking, Liberator  
  169  17:27  Marine  
  169  17:28  Marine  
  169  17:29  Marine x2  
  153  17:30  Marauder x3  
  153  17:31  Marauder x2  
  153  17:32  Planetary Fortress  
  156  17:37  Terran Vehicle And Ship Armor Level 1  
  148  17:45  SCV, Marine x2  
  148  17:46  SCV x3, Marine  
  148  17:47  Marine  
  148  17:48  SCV  
  157  17:51  Marine  
  157  17:52  SCV, Marauder x3  
  157  17:55  Ghost  
  157  17:58  SCV, Missile Turret  
  168  17:59  SCV  
  168  18:00  SCV  
  168  18:03  SCV  
  171  18:09  Liberator x2  
  177  18:14  Ghost  
  177  18:15  Ghost  
  177  18:19  Ghost  
  183  18:23  Ghost  
  183  18:25  Ghost  
  187  18:31  Marine  
  188  18:36  Marine  
  189  18:43  Ghost  
  189  18:44  Marauder  
  189  18:48  Marauder  
  190  18:52  Marauder  
  190  18:54  Ghost  
  190  18:55  Marine x2  
  164  19:00  Marine x2  
  164  19:01  Marine x2  
  162  19:06  Marauder  
  162  19:09  Marauder  
  158  19:12  SCV x3, Marauder  
  158  19:13  Marine x2  

Tags
 
Add a new tag
Caveats
  • Supply blocks, unpowered buildings, or Contaminate may cause inaccurate times.
  • Supply counts are checked every 10 seconds.